Map: Dusk Towers

Players

Raze - Winner!

  • Race: Terran Terran
  • League: Grandmaster

Pokebunny

  • Race: Terran Terran
  • League: Grandmaster

VOD

Have the link to the VOD?

Description

Time

  • Played on: April 6, 2016, 5:48 p.m.
  • Length: 13:25
Show
View Real Time Build Order
Export as new Build Order

Raze Terran - Winner!

Build Orders: Reaper Expand, Bio Tank 

Get SALT Encoding   

  12  0:00  SCV  
  13  0:13  SCV  
  14  0:17  Supply Depot  
  14  0:25  SCV  
  15  0:39  Barracks, SCV  
  16  0:44  Refinery  
  16  0:51  SCV  
  17  1:03  SCV  
  18  1:15  SCV  
  19  1:27  Orbital Command  
  19  1:28  Reaper  
  20  1:44  Command Center  
  20  1:53  SCV  
  21  2:01  Marine  
  20  2:05  SCV  
  20  2:06  Factory  
  22  2:13  Supply Depot  
  22  2:18  SCV  
  22  2:21  Refinery  
  23  2:22  Barracks Reactor  
  23  2:35  SCV  
  24  2:47  SCV  
  25  2:53  Starport  
  25  2:56  Orbital Command  
  25  2:57  Widow Mine  
  27  2:59  SCV  
  27  3:00  Marine x2  
  30  3:11  SCV  
  30  3:17  Engineering Bay, Marine  
  30  3:18  Marine  
  32  3:22  SCV  
  32  3:23  SCV  
  35  3:34  SCV  
  35  3:35  SCV  
  35  3:38  Viking  
  35  3:39  Factory Tech Lab  
  35  3:40  Marine x2  
  40  3:46  Supply Depot, SCV  
  41  3:53  SCV  
  42  3:58  Siege Tank, SCV  
  46  4:08  Viking, SCV  
  49  4:10  SCV  
  49  4:12  Supply Depot  
  50  4:19  Supply Depot  
  50  4:20  Marine x2  
  52  4:24  Supply Depot  
  52  4:35  SCV  
  53  4:50  Siege Tank  
  53  4:51  Viking  
  54  4:54  SCV  
  54  4:55  SCV  
  56  5:00  Barracks x2  
  56  5:08  Marine x2  
  56  5:10  SCV x2  
  56  5:13  Refinery  
  60  5:22  Siege Tank  
  56  5:35  Supply Depot  
  56  5:37  SCV x2  
  58  5:47  Engineering Bay  
  58  5:48  Supply Depot  
  58  5:49  Barracks Reactor, Barracks Tech Lab, SCV x2  
  60  6:00  Viking  
  60  6:01  Marine  
  60  6:02  Marine  
  64  6:04  SCV x2  
  64  6:06  Supply Depot  
  64  6:08  Refinery  
  64  6:10  Siege Tank  
  69  6:12  Marine  
  69  6:16  SCV  
  69  6:17  SCV  
  72  6:19  Marine  
  73  6:29  SCV x2, Bunker  
  73  6:30  Marine  
  73  6:31  Marine x3  
  79  6:37  Marine  
  79  6:38  Starport Reactor  
  80  6:41  SCV x2  
  80  6:42  Siege Tank  
  80  6:44  Stimpack  
  85  6:48  Marine  
  85  6:53  Command Center  
  81  7:05  Marine  
  81  7:08  SCV x2  
  84  7:11  Terran Infantry Weapons Level 1  
  84  7:15  Engineering Bay  
  84  7:19  Barracks x2, Missile Turret  
  84  7:20  SCV  
  84  7:21  Missile Turret  
  83  7:24  Marine, Medivac  
  83  7:29  Marine x4, Medivac  
  92  7:32  Supply Depot  
  92  7:40  Sensor Tower  
  92  7:47  SCV x2  
  94  7:53  Marine x3  
  94  7:54  Siege Tank  
  100  8:02  Marine x2  
  102  8:06  Supply Depot  
  102  8:08  Armory, Terran Infantry Armor Level 1  
  102  8:11  Marine x2  
  104  8:13  SCV x2  
  104  8:15  Marine  
  107  8:25  SCV x2  
  107  8:26  Missile Turret  
  109  8:30  Marine  
  109  8:31  Marine  
  109  8:32  Barracks Reactor x2  
  111  8:37  Orbital Command  
  112  8:45  Combat Shields, Marine x3  
  114  8:52  Siege Tank, Medivac  
  114  8:53  Medivac  
  119  9:00  Marine x2  
  119  9:02  Marine  
  119  9:03  Marine x2  
  119  9:06  Refinery x2  
  119  9:09  Terran Infantry Weapons Level 2  
  122  9:11  Factory  
  122  9:13  Marine x3  
  125  9:21  Barracks  
  125  9:29  Supply Depot x2  
  125  9:30  Marine x2  
  125  9:31  Marine  
  125  9:32  Marine  
  125  9:39  Marine  
  125  9:40  Supply Depot  
  125  9:44  Marine  
  124  9:46  Medivac  
  124  9:47  Marine  
  124  9:50  Medivac  
  126  10:09  Marine  
  126  10:10  Barracks Reactor, Marine x2  
  126  10:11  Marine x3  
  131  10:25  Command Center  
  131  10:30  Marine  
  132  10:37  Marine x3  
  132  10:42  Marine x5  
  135  10:43  Terran Infantry Armor Level 2  
  135  10:44  Factory Tech Lab  
  135  10:45  Siege Tank, Medivac x2  
  135  10:48  Marine  
  143  10:50  Marine x2  
  143  10:55  Marine x3  
  148  10:59  Supply Depot  
  148  11:00  Supply Depot, Marine  
  149  11:06  Marine x3  
  142  11:12  Marine  
  142  11:15  Siege Tank  
  145  11:19  Marine  
  145  11:20  Marine  
  142  11:34  Marine x3  
  142  11:37  Medivac  
  142  11:38  Marine x4, Medivac  
  153  11:42  Siege Tank  
  153  11:44  Factory  
  149  11:47  Siege Tank, Marine x4  
  149  11:52  Marine  
  157  12:00  Marine  
  158  12:07  Planetary Fortress, Medivac  
  158  12:08  Medivac  
  161  12:14  Siege Tank  
  157  12:23  Command Center  
  157  12:24  Siege Tank, Marine x10  
  170  12:31  Factory Tech Lab  
  170  12:33  Marine  
  171  12:42  Marine  
  167  12:44  Missile Turret  
  167  12:46  Marine x5  
  167  12:47  Siege Tank  
  167  12:50  Marine  
  176  12:59  Marine  
Show
View Real Time Build Order
Export as new Build Order

Pokebunny Terran 

Build Orders: 1/1/1 

Get SALT Encoding   

  12  0:00  SCV  
  13  0:13  SCV  
  14  0:17  Supply Depot  
  14  0:25  SCV  
  15  0:29  Refinery  
  15  0:39  SCV  
  16  0:45  Barracks  
  16  0:51  SCV  
  17  1:03  SCV  
  18  1:15  SCV  
  19  1:32  Marine, Orbital Command, Factory  
  19  1:34  Supply Depot  
  19  1:38  Refinery  
  20  1:50  Marine  
  21  1:58  SCV  
  22  2:08  Supply Depot  
  22  2:14  Barracks Reactor  
  24  2:15  Hellion  
  24  2:17  Starport  
  24  2:19  SCV  
  25  2:34  SCV  
  26  2:37  Factory Tech Lab  
  26  2:46  SCV  
  26  2:50  Marine x2  
  29  2:55  Siege Tank  
  32  2:59  Supply Depot, SCV  
  32  3:01  Medivac  
  35  3:08  Marine x2  
  35  3:11  SCV  
  38  3:21  Supply Depot  
  38  3:27  Marine x2  
  38  3:29  Siege Tank  
  43  3:38  Viking  
  43  3:42  SCV  
  43  3:43  Supply Depot  
  43  3:44  Marine  
  43  3:45  Marine  
  46  3:54  SCV  
  47  4:02  Marine  
  47  4:03  Siege Tank, Marine  
  52  4:20  Marine  
  52  4:21  Marine  
  54  4:32  SCV  
  54  4:34  Supply Depot  
  54  4:35  Siege Tank  
  54  4:38  Marine x2  
  57  4:41  Viking  
  53  4:53  SCV  
  54  5:02  Marine x2  
  54  5:05  SCV  
  57  5:07  Siege Tank  
  50  5:38  Marine  
  50  5:40  Barracks, Command Center  
  50  5:41  Barracks  
  50  5:42  Medivac  
  52  5:48  Marine  
  53  5:54  Siege Tank  
  56  6:04  Marine  
  57  6:05  Marine  
  58  6:13  SCV  
  58  6:17  Medivac  
  61  6:21  Marine  
  62  6:27  Barracks Tech Lab  
  62  6:28  Barracks Reactor  
  62  6:37  Refinery  
  55  7:05  Marine x5, Stimpack  
  55  7:06  Command Center  
  60  7:12  Orbital Command  
  60  7:22  SCV  
  61  7:26  Siege Tank, Starport Reactor  
  64  7:32  Supply Depot  
  64  7:37  Marine x3  
  64  7:39  Marine  
  68  7:49  Marine  
  69  7:56  Marine  
  69  7:57  Marine  
  71  7:58  Siege Tank  
  71  8:03  SCV x2  
  76  8:10  Engineering Bay  
  76  8:12  Medivac  
  76  8:13  Medivac  
  79  8:29  Marine x4  
  79  8:31  Siege Tank  
  85  8:44  Orbital Command  
  85  8:48  SCV x2  
  87  8:49  Marine x4  
  87  8:50  Marine, Medivac  
  91  9:00  SCV x2  
  92  9:07  Combat Shields  
  92  9:12  Terran Infantry Weapons Level 1  
  92  9:22  Marine x4  
  96  9:24  SCV  
  96  9:25  SCV x2  
  98  9:36  Siege Tank  
  98  9:37  SCV  
  102  9:39  Marine x2  
  102  9:40  Marine  
  104  9:52  Medivac  
  104  9:53  Medivac  
  108  10:08  SCV  
  109  10:15  Refinery, Supply Depot  
  109  10:36  Marine x4  
  109  10:37  Siege Tank, SCV  
  109  10:39  Marine  
  112  10:52  Barracks x3, Engineering Bay  
  112  10:54  Marine  
  112  10:55  Armory  
  113  11:09  Siege Tank  
  112  11:16  Marine  
  112  11:17  Marine x4  
  96  11:34  Marine  
  87  11:47  Marine x3  
  87  11:48  Siege Tank  
  87  11:49  Barracks Reactor x2  
  87  11:51  SCV x3  
  92  12:15  SCV x3  
  94  12:26  Marine  
  94  12:27  Marine x6, SCV x3  
  104  12:30  Siege Tank  
  104  12:34  Supply Depot  
  104  12:36  Supply Depot  
  104  12:49  Marine x3  
Tags
 
Add a new tag
Caveats
  • Supply blocks, unpowered buildings, or Contaminate may cause inaccurate times.
  • Supply counts are checked every 10 seconds.